 Dungeon Crawl Stone Soup version 0.19-a0-1714-gcab94ab (webtiles) character file.

48 ololoev the Sneak (level 3, -1/19 HPs)
             Began as a Vine Stalker Assassin on Sept 28, 2016.
             Killed by nerve-wracking pain
             ... invoked by Vasilisck's ghost
              (10 damage)
             ... on level 3 of the Dungeon.
             The game lasted 00:06:04 (1428 turns).

ololoev the Sneak (Vine Stalker Assassin)           Turns: 1428, Time: 00:06:05

Health: -1/19      AC: 10    Str: 14    XL:     3   Next: 72%
Magic:  0/4        EV:  5    Int: 11    God:
Gold:   115        SH:  0    Dex: 15    Spells: 0 memorised, 2 levels left

rFire  . . .     SeeInvis .     a - +2 dagger
rCold  . . .     Gourm    .     i - +0 chain mail
rNeg   . . .     Faith    .     (no shield)
rPois  .         Spirit   +     (no helmet)
rElec  .         Dismiss  .     d - +0 cloak
rCorr  .         Reflect  .     (no gloves)
MR     .....     Harm     .     (no boots)
Stlth  ..........               k - amulet of regeneration
                                (no ring)
                                (no ring)

@: very heavily drained
A: fangs 2, magic shield, antimagic bite, no device heal 3, rot immunity
a: no special abilities


Innate Abilities, Weirdness & Mutations

You have extremely sharp teeth.
When hurt, damage is shared between your health and your magic reserves.
Your bite disrupts and absorbs the magic of your enemies.
Potions and wands cannot restore your health.
You are immune to rotting.

Inventory:

Hand Weapons
 a - a +2 dagger (weapon)
 b - a +0 blowgun
 q - a +0 antimagic falchion
Missiles
 e - 8 poisoned needles
 f - 6 curare-tipped needles
 h - a javelin (quivered)
Armour
 d - a +0 cloak (worn)
 i - a +0 chain mail (worn)
Jewellery
 k - an amulet of regeneration (around neck)
Scrolls
 c - a scroll of fog {unknown}
 m - a scroll of recharging {unknown}
 n - a scroll of amnesia
 o - a scroll of remove curse
 p - a scroll of magic mapping
Comestibles
 g - 4 bread rations
 l - a meat ration


   Skills:
 + Level 2.4(0.0) Fighting
 - Level 2.0(0.0) Short Blades
 * Level 0.0 Long Blades
 + Level 2.4(0.0) Throwing
 + Level 1.0(0.0) Armour
 - Level 0.7(0.0) Dodging
 - Level 4.8(0.6) Stealth


You had 2 spell levels left.
You didn't know any spells.


You were on level 3 of the Dungeon.
You were hungry.

You visited 1 branch of the dungeon, and saw 3 of its levels.

You collected 115 gold pieces.

#.# ####)# #....#
##....####### # ##
#........W..#.#....
#.....#####.#.#..#.
#..................
#.......###.#.#.##.
#.##..#@###.#.#
#.......W.....#
#.#####..#(###.#.# ....(
#..............#.#.......
...............#.#....#.##
.#.......................
.........................
...#.#...#.##..#......#.#
.#.#.#...#.##..#.#..#.#.#

Notes
Turn   | Place    | Note
-------+----------+-------------------------------------------
     0 | D:1      | ololoev the Vine Stalker Assassin began the quest for the Orb.
     0 | D:1      | Reached XP level 1. HP: 11/11 MP: 2/2
     0 | D:1      | jacquesderrida: Не максимальный ролл, но близко...
     0 | D:1      | ololoev: ппц как же влом табберами играть
     0 | D:1      | jacquesderrida: Че
     0 | D:1      | jacquesderrida: Оно же демигода выбрало
     0 | D:1      | ololoev: я плевал
     0 | D:1      | jacquesderrida: :-D
     0 | D:1      | ololoev: перероллил
     0 | D:1      | ololoev: ??demon blade
     0 | D:1      | beem: demon blade[1/2]: (long blades; -1 acc / 12 dam / 1.3 base delay / 0.6 min delay). A terrible weapon, forged in the fires of Hell. Can be {bless}ed into a {eudemon blade}.
     0 | D:1      | ololoev: ??demon whip
     0 | D:1      | beem: demon whip[1/2]: (maces & flails; +1 acc / 11 dam / 1.1 base delay / 0.5 min delay). A terrible weapon, woven in the depths of the inferno. Can be {bless}ed into a {sacred scourge}.
    81 | D:1      | jacquesderrida: Это обновленная запись?
    81 | D:1      | ololoev: не уверен
    87 | D:1      | jacquesderrida: Потому что я вполне уверен, что дблейд теперь 11 урона
   178 | D:1      | jacquesderrida: После рипоста и всего остального...
   178 | D:1      | ololoev: нет, 12
   178 | D:1      | jacquesderrida: ЗНачит он был 13
   214 | D:1      | jacquesderrida: Наверн...
   333 | D:1      | Reached XP level 2. HP: 15/15 MP: 3/3
   793 | D:2      | Reached skill level 1 in Armour
   820 | D:2      | Reached XP level 3. HP: 18/18 MP: 2/4
  1218 | D:1      | ololoev: так
  1218 | D:1      | ololoev: надо найти некру всяккую
  1306 | D:3      | Noticed Vasilisck's ghost (amateur DsNe)
  1322 | D:3      | Goblin1989: выключи тровинг, ты чо
  1325 | D:3      | ololoev: why?
  1325 | D:3      | ololoev: throwing nais spell
  1328 | D:3      | Goblin1989: зачем она
  1331 | D:3      | ololoev: лол как
  1331 | D:3      | ololoev: металка круто
  1396 | D:3      | Iwannabefree: !lg ololoev
  1397 | D:3      | beem: 2861. ololoev the Basher (L11 KoBe of Trog), annihilated by an enormous slime creature on D:9 (evilmike_ruin_ashenzari) on 2016-09-28 11:35:09, with 5653 points after 9211 turns and 0:21:13.
  1397 | D:3      | Iwannabefree: got slimed
  1428 | D:3      | Killed from afar by Vasilisck's ghost

Dungeon Overview and Level Annotations

Branches:
Dungeon (3/15)

Altars:

Annotations:
D:3 Vasilisck's ghost, amateur DsNe


Message History

You hit Vasilisck's ghost. You bite Vasilisck's ghost.
Vasilisck's ghost's magic leaks into the air.
You drain its magic.
Vasilisck's ghost is moderately damaged.
Vasilisck's ghost closely misses you.
You hit Vasilisck's ghost but do no damage.
You bite Vasilisck's ghost, but do no damage.
Vasilisck's ghost is moderately damaged.
Vasilisck's ghost hits you.
You feel drained.
You hit Vasilisck's ghost but do no damage.
Your bite misses Vasilisck's ghost.
Vasilisck's ghost is moderately damaged.
Vasilisck's ghost hits you but does no damage.
You feel drained.
You hit Vasilisck's ghost.
Vasilisck's ghost is heavily damaged.
Vasilisck's ghost falters for a moment.
You closely miss Vasilisck's ghost.
Vasilisck's ghost is heavily damaged.
Vasilisck's ghost hits you but does no damage.
You feel drained.
You miss Vasilisck's ghost.
You bite Vasilisck's ghost, but do no damage.
Vasilisck's ghost is heavily damaged.
You hit Vasilisck's ghost.
You bite Vasilisck's ghost, but do no damage.
Vasilisck's ghost is heavily damaged.
Vasilisck's ghost hits you but does no damage.
You feel drained.
You hit Vasilisck's ghost but do no damage.
Vasilisck's ghost is heavily damaged.
Vasilisck's ghost hits you.
You feel drained.
You hit Vasilisck's ghost.
Vasilisck's ghost is severely damaged.
Vasilisck's ghost falters for a moment.
You hit Vasilisck's ghost but do no damage.
Your bite misses Vasilisck's ghost.
Vasilisck's ghost is severely damaged.
Vasilisck's ghost hits you but does no damage.
You feel drained.
You hit Vasilisck's ghost but do no damage.
You bite Vasilisck's ghost.
Vasilisck's ghost's magic leaks into the air.
You drain its magic.
You feel invigorated.
Vasilisck's ghost is severely damaged.
Vasilisck's ghost screams, "I'll kill anyone who wants the ORB!"
Vasilisck's ghost falters for a moment.
You hit Vasilisck's ghost but do no damage.
You bite Vasilisck's ghost, but do no damage.
Vasilisck's ghost is severely damaged.
Vasilisck's ghost hits you but does no damage.
You feel drained.
You hit Vasilisck's ghost but do no damage.
Vasilisck's ghost is severely damaged.
Vasilisck's ghost hits you but does no damage.
You feel drained.
You miss Vasilisck's ghost.
Vasilisck's ghost is severely damaged.
Vasilisck's ghost hits you.
You feel drained.
You closely miss Vasilisck's ghost. Your bite misses Vasilisck's ghost.
Vasilisck's ghost is severely damaged.
Vasilisck's ghost hits you.
You feel drained.
You miss Vasilisck's ghost.
You bite Vasilisck's ghost, but do no damage.
Vasilisck's ghost is severely damaged.
Vasilisck's ghost hits you.
You feel drained.
You hit Vasilisck's ghost but do no damage.
You bite Vasilisck's ghost, but do no damage.
Vasilisck's ghost is severely damaged.
Vasilisck's ghost hits you but does no damage.
You feel drained.
You hit Vasilisck's ghost but do no damage.
Vasilisck's ghost is severely damaged.
Vasilisck's ghost hits you.
You feel drained.
You barely miss Vasilisck's ghost. Your bite misses Vasilisck's ghost.
Vasilisck's ghost is severely damaged.
Vasilisck's ghost casts a spell at you. Pain shoots through your body!
Ouch! That really hurt!
You die...

You could see Vasilisck's ghost.

Vanquished Creatures
  An adder (D:2)
  3 worms (D:2)
  2 dart slugs
  A leopard gecko (D:2)
  A giant cockroach (D:2)
  5 goblins
  3 hobgoblins (D:1)
  A quokka (D:3)
  2 bats
  2 kobolds (D:1)
  6 rats
27 creatures vanquished.

Action                   || total
-------------------------++-------
Melee: Short sword       ||   120
       Bite              ||    40
       Dagger            ||    37
Throw: Javelin           ||     1
  Use: Scroll            ||     4
       Potion            ||     1
  Eat: Chunk             ||     1
Armor: Chain mail        ||    80
       Robe              ||     1
Dodge: Dodged            ||    32

Vault maps used:
D:1:      lightli_arrival_isolated_outpost, kennysheep_decorative_pillar,
          minmay_misc_feat_roman, fountainhead, item_on_display_a
